 Dungeon Crawl Stone Soup version 0.32-a0-131-g9dbbe29261 (webtiles) character file.

Game seed: 8497016183556152147

197 CougarLife the Digger (level 5, -3/28 HPs)
             Began as a Gargoyle Earth Elementalist on Feb 8, 2024.
             Incinerated by a bombardier beetle (6 damage)
             ... with a burning spray
             ... on level 3 of the Dungeon.
             The game lasted 00:04:38 (2922 turns).

CougarLife the Digger (Gargoyle Earth Elementalist) Turns: 2922, Time: 00:04:39

Health: -3/28      AC:  7    Str: 12    XL:     5   Next: 75%
Magic:  9/10       EV: 12    Int: 17    God:
Gold:   202        SH:  0    Dex: 16    Spells: 6/10 levels left

rFire   . . .        k - +0 dagger
rCold   . . .        (no shield)
rNeg    + . .        a - +0 robe
rPois   ∞            (no helmet)
rElec   +            (no cloak)
rCorr   .            (no gloves)
SInv    .            c - +0 pair of boots
Will    .....        (no amulet)
Stlth   +            i - +6 ring of dexterity
HPRegen 0.24/turn    (no ring)
MPRegen 0.12/turn

%: no passive effects
@: on fire, glowing
A: sickness immunity, AC +4, negative energy resistance 1, electricity
resistance, torment resistance 1, petrification resistance
a: no special abilities


You were on level 3 of the Dungeon.
You visited 1 branch of the dungeon, and saw 4 of its levels.

You collected 202 gold pieces.

Inventory:

Hand Weapons
 k - a +0 dagger (weapon)
Armour
 a - a +0 robe (worn)
 c - a +0 pair of boots (worn)
Jewellery
 i - a +6 ring of dexterity (left hand)
Scrolls
 d - a scroll of identify {unknown}
 e - a scroll of teleportation {unknown}
 j - a scroll of brand weapon {unknown}
 l - 2 scrolls of amnesia {unknown}
 m - a scroll of torment {unknown}
Potions
 f - a potion of brilliance {unknown}
 g - 2 potions of degeneration {unknown}
 h - 2 potions of resistance {unknown}
 n - 2 potions of curing {unknown}


   Skills:
 - Level 1.5 Dodging
 - Level 2.1 Stealth
 + Level 3.4 Spellcasting
 + Level 3.4 Conjurations
 + Level 5.2 Earth Magic


You had 6 spell levels left.
You knew the following spells:

 Your Spells              Type           Power      Damage    Failure   Level
a - Sandblast             Erth           40%        2d10      1%          1
b - Stone Arrow           Conj/Erth      34%        3d9       9%          3

Your spell library contained the following spells:

 Spells                   Type           Power      Damage    Failure   Level
 Passwall                 Erth           20%        N/A       6%          3
 Scorch                   Fire           4%         2d5       26%         2
 Brom's Barrelling Bould  Conj/Erth      17%        2d4       28%         4
 Petrify                  Alch/Erth      11%        N/A       50%         4
 Flame Wave               Conj/Fire      8%         2d5       63%         4
 Summon Cactus Giant      Summ           1%         N/A       100%        6


Dungeon Overview and Level Annotations

Branches:
Dungeon (4/15)
 Temple: D:4-7

Altars:


Innate Abilities, Weirdness & Mutations

You are immune to sickness and miasma.
Your stone body is resilient. (AC +4)
You are immune to poison.
You resist negative energy. (rN+)
You are resistant to electric shocks. (rElec)
You are resistant to unholy torment.
You are immune to petrification.


Message History

Confirm with . or Enter, or press ? or * to list all spells.
Aiming: Stone Arrow (quite dangerous; 9% risk of failure)
Press: ? - help, Shift-Dir - straight line, f - bombardier beetle
Aim: a bombardier beetle (81% to hit)
The stone arrow misses the bombardier beetle.
The liquid fire burns you!
Casting: Stone Arrow (quite dangerous; 9% risk of failure)
Confirm with . or Enter, or press ? or * to list all spells.
Aiming: Stone Arrow (quite dangerous; 9% risk of failure)
Press: ? - help, Shift-Dir - straight line, f/p - bombardier beetle
Aim: a bombardier beetle (81% to hit)
The stone arrow misses the bombardier beetle.
The liquid fire burns you! The bombardier beetle bites you.
Casting: Stone Arrow (quite dangerous; 9% risk of failure)
Confirm with . or Enter, or press ? or * to list all spells.
Aiming: Stone Arrow (quite dangerous; 9% risk of failure)
Press: ? - help, Shift-Dir - straight line, f/p - bombardier beetle
Aim: a bombardier beetle (81% to hit)
The stone arrow hits the bombardier beetle.
The bombardier beetle is moderately wounded.
The liquid fire burns you!
* * * LOW HITPOINT WARNING * * *
Magic courses through your body. The liquid fire burns you!
* * * LOW HITPOINT WARNING * * *
The bombardier beetle bites you but does no damage.
You are too injured to fight recklessly!
You are too injured to fight recklessly!
You are too injured to fight recklessly!
You are too injured to fight recklessly!
Casting: Stone Arrow (quite dangerous; 9% risk of failure)
Confirm with . or Enter, or press ? or * to list all spells.
Aiming: Sandblast (safe; 1% risk of failure)
Press: ? - help, Shift-Dir - straight line, f/p - bombardier beetle
Aim: a bombardier beetle (moderately wounded, 90% to hit)
The blast of sand hits the bombardier beetle.
The bombardier beetle is heavily wounded.
The liquid fire burns you!
You die...

).....###...........#######
#.. ......##.............##
#.# ......#...............#
#.# #######...............#
#.# #...............# ###
#...............# #
#...............# #
##.............##
##.....#B@...##
#############


You could see a bombardier beetle.

Vanquished Creatures
  A scorpion (D:3)
  An orc wizard (D:3)
  2 gnolls (D:2)
  4 adders
  A dart slug (D:1)
  4 orcs (D:3)
  2 endoplasms (D:2)
  3 giant cockroaches
  6 goblins
  A hobgoblin (D:2)
  5 kobolds
  7 quokkas
  6 ball pythons
  6 bats
  8 rats
57 creatures vanquished.

Notes
Turn   | Place    | Note
-------+----------+-------------------------------------------
     0 | D:1      | CougarLife the Gargoyle Earth Elementalist began the quest
                  | for the Orb.
     0 | D:1      | Reached XP level 1. HP: 10/10 MP: 3/3
   217 | D:1      | Reached XP level 2. HP: 15/15 MP: 0/5
   348 | D:1      | Reached skill level 4 in Earth Magic
   956 | D:2      | Reached XP level 3. HP: 19/19 MP: 4/6
  1381 | D:2      | Reached XP level 4. HP: 23/24 MP: 2/8
  1748 | D:2      | Learned a level 3 spell: Stone Arrow
  1944 | D:2      | Identified the +7 short sword of Profit {spect, Int+3}
  2274 | D:3      | Reached XP level 5. HP: 28/28 MP: 5/9
  2506 | D:3      | Reached skill level 5 in Earth Magic
  2922 | D:3      | Incinerated by a bombardier beetle

Illustrated notes

Levels and vault maps discovered:
D:1:      amcnicky_arrival_double_pillar, layout_loops_ring
D:2:      wad_woods_tower, layout_loops_ring, st_stairs_11
D:3:      layout_rooms
D:4:      layout_rooms, mainiacjoe_overflow_concentric_impassable,
          grunt_temple_overflow_open, nicolae_figureground_pulse

Skill      XL: |  1  2  3  4  5 |
---------------+----------------+-----
Earth Magic    | 4 5 |  5.2
Conjurations   | 2 3 |  3.4
Spellcasting   | 3 |  3.4
Dodging        | |  1.5
Stealth        | |  2.1

Action                     |  1- 3 |  4- 6 || total
---------------------------+-------+-------++-------
  Melee: Unarmed           |     3 |       ||     3
         Punch             |     1 |       ||     1
         Dagger            |       |     2 ||     2
   Cast: Sandblast         |    58 |    33 ||    91
         Stone Arrow       |       |     5 ||     5
    Use: Potion            |       |     1 ||     1
 Armour: Robe              |    15 |    11 ||    26
  Dodge: Dodged            |    18 |    12 ||    30

Table legend: (Time is in decaauts)
 A = Elapsed time spent in this place.
 B = Non-inter-level travel time spent in this place.
 C = Inter-level travel time spent in this place.
 D = Time resting spent in this place.
 E = Time spent auto-exploring this place.
 F = Levels seen in this place.
 G = Mean time per level.
                   A        B        C        D        E       F      G
               +--------+--------+--------+--------+--------+-----+--------+
         Total |   2968 |   2736 |    232 |    116 |   2234 |   4 |  742.0 |
       Dungeon |   2968 |   2736 |    232 |    116 |   2234 |   4 |  742.0 |
               +--------+--------+--------+--------+--------+-----+--------+

Top non-repeatable levels by time:
     D:2: 1235 daAuts
     D:1: 990 daAuts
     D:3: 737 daAuts
     D:4: 4 daAuts
